[Event "ITA-ch Women 2019"]
[Site "Padova"]
[Date "2019.11.28"]
[Round "1"]
[White "Santeramo, Alessia"]
[Black "De Rosa, Mariagrazia"]
[Result "1-0"]
[ECO "B51"]
[WhiteElo "2138"]
[BlackElo "2090"]
[Annotator "RC"]
[PlyCount "45"]
[EventDate "2019.11.28"]
[EventType "tourn"]
[EventCountry "ITA"]
[SourceTitle "playchess.com"]
[Source "ChessBase"]
[SourceQuality "1"]
[TimeControl "40/6600+30:20/3000+30:900+30"]

1. e4 c5 2. Nf3 d6 3. Bb5+ Nd7 4. a4 a6 5. Be2 Ngf6 6. Nc3 b6 7. d4 cxd4 8. Qxd4 e5 9. Qe3 Bb7 10. O-O Be7 11. Nd2 O-O 12. Nc4 Qc7 13. Rd1 Rfe8 14. Kh1 Nxe4 15. Nxe4 d5 16. Bg4 Qxc4 17. Bxd7 Red8 18. Nd2 Qxc2 19. Bg4 Qg6 20. Qh3 d4 21. Nf3 Bd6 22. Bf5 Qf6 23. Qxh7+ 1-0

[Event "ITA-ch Women 2019"]
[Site "Padova"]
[Date "2019.11.28"]
[Round "1"]
[White "Raccanello, Marianna"]
[Black "Andolfatto, Maria"]
[Result "0-1"]
[ECO "C42"]
[WhiteElo "2049"]
[BlackElo "1937"]
[Annotator "NA RC"]
[PlyCount "106"]
[EventDate "2019.11.28"]
[EventType "tourn"]
[EventCountry "ITA"]
[SourceTitle "playchess.com"]
[Source "ChessBase"]
[SourceQuality "1"]
[TimeControl "40/6600+30:20/3000+30:900+30"]

1. e4 e5 2. Nf3 Nf6 3. Nxe5 d6 4. Nf3 Nxe4 5. c4 Nc6 6. d4 {C42: Petroff Defence: 3 Nxe5 and unusual White 3rd moves} d5 7. a3 (7. c5 Be7 8. Bb5 O-O 9. O-O Bg4 10. Bxc6 bxc6 11. h3 Bh5 12. g4 Bg6 13. Ne5 Bf6 14. Nxc6 {0-1 (38) Karjakin,S (2782)-Caruana,F (2816) Leuven 2018}) 7... Be7 8. Bd3 Bf5 9. Nc3 $146 ({Predecessor:} 9. Qc2 Bg6 10. O-O Nf6 11. Bxg6 hxg6 12. c5 Ne4 13. Nc3 Nxc3 14. Qxc3 {½-½ (31) Movsesian,S (2655)-Cyborowski,L (2513) Czech Republic 2016}) 9... Nxc3 10. bxc3 Bxd3 11. Qxd3 dxc4 12. Qxc4 O-O 13. O-O Na5 14. Qa4 Qd5 15. Bf4 b6 16. Qc2 Nc4 17. a4 Bd6 18. Ng5 g6 19. Ne4 Kg7 20. Nxd6 cxd6 21. Qd3 Rfe8 22. Rfe1 Nb2 23. Qh3 Qc6 24. Bh6+ Kg8 25. Qh4 d5 26. h3 Re6 27. Rxe6 Qxe6 {[#]} 28. Ra2 $1 Nd1 29. Qg3 Rc8 30. Qf3 Nxc3 31. Rc2 Ne4 32. Rxc8+ Qxc8 33. Qf4 g5 34. Qe5 Qc1+ 35. Kh2 Qf4+ 36. Qxf4 gxf4 37. Bxf4 Nxf2 38. Bb8 a6 39. Ba7 b5 40. axb5 axb5 41. Bc5 Nd3 42. Kg3 b4 43. Kf3 Nxc5 44. dxc5 {[#]} Kf8 $1 45. Ke3 b3 46. Kd3 {[#]} d4 $1 47. g4 Ke7 48. h4 Ke6 49. h5 f6 50. c6 Kd6 51. Ke4 b2 52. Kf5 b1=Q+ 53. Kxf6 d3 0-1

[Event "ITA-ch Women 2019"]
[Site "Padova"]
[Date "2019.11.29"]
[Round "2"]
[White "De Rosa, Mariagrazia"]
[Black "Zimina, Olga"]
[Result "1-0"]
[ECO "B18"]
[WhiteElo "2090"]
[BlackElo "2406"]
[Annotator "ChessBase"]
[PlyCount "95"]
[EventDate "2019.11.28"]
[EventType "tourn"]
[EventCountry "ITA"]
[SourceTitle "playchess.com"]
[Source "ChessBase"]
[SourceQuality "1"]
[TimeControl "40/6600+30:20/3000+30:900+30"]

1. e4 c6 2. d4 d5 3. Nc3 dxe4 4. Nxe4 Bf5 5. Ng3 Bg6 6. N1e2 Nf6 7. Nf4 e5 8. Nxg6 hxg6 9. Be3 Nd5 10. dxe5 Nxe3 11. Qxd8+ Kxd8 12. fxe3 Ke7 13. O-O-O a5 14. Be2 Nd7 15. e6 Kxe6 16. Ne4 Ne5 17. Ng5+ Ke7 18. Rd4 f5 19. h4 Kf6 20. Rhd1 Re8 21. Rf4 Be7 22. g3 Rd8 23. Rdf1 Nf7 24. Nxf7 Kxf7 25. h5 gxh5 26. Rxf5+ Kg6 27. Rxa5 Bg5 28. Bd3+ Kh6 29. Kd2 Rhe8 30. Rf3 b6 31. Raf5 Re7 32. Ke2 Rde8 33. e4 c5 34. b3 Re6 35. a4 Bf6 36. a5 Bd4 37. axb6 Rxb6 38. Rd5 Rg6 39. b4 Rc8 40. bxc5 Bxc5 41. Rff5 Rgc6 42. Rxh5+ Kg6 43. Rdg5+ Kf7 44. Bc4+ Ke7 45. Rxg7+ Kf6 46. Rhg5 Bd6 47. e5+ Bxe5 48. R5g6+ 1-0

[Event "ITA-ch Women 2019"]
[Site "Padova"]
[Date "2019.11.29"]
[Round "2"]
[White "Raccanello, Marianna"]
[Black "Santeramo, Alessia"]
[Result "1/2-1/2"]
[ECO "C50"]
[WhiteElo "2049"]
[BlackElo "2138"]
[Annotator "NA"]
[PlyCount "76"]
[EventDate "2019.11.28"]
[EventType "tourn"]
[EventCountry "ITA"]
[SourceTitle "playchess.com"]
[Source "ChessBase"]
[SourceQuality "1"]
[TimeControl "40/6600+30:20/3000+30:900+30"]

1. e4 e5 2. Nf3 Nc6 3. Bc4 Nf6 4. d3 Bc5 5. c3 O-O 6. Bb3 a5 7. a4 d5 8. Qe2 dxe4 9. dxe4 h6 10. Nbd2 Nh5 11. Nc4 Qf6 12. O-O Nf4 13. Bxf4 Qxf4 14. Ne1 Bg4 15. Qc2 Ba7 16. Kh1 Rad8 17. f3 Be6 18. Nd3 Qg5 19. Ncxe5 Nxe5 20. f4 Bxb3 21. Qxb3 Qg6 22. Nxe5 Qxe4 23. Rae1 Qd5 24. c4 Qc5 25. Qxb7 Rd2 26. Qf3 Bb6 27. b3 Qa3 28. Rd1 Rfd8 29. Rxd2 Rxd2 30. Rd1 Qd6 31. Rxd2 Qxd2 32. g3 g5 33. Qc6 Kg7 34. Qd5 Qe1+ 35. Kg2 Qe2+ 36. Kh3 Qh5+ 37. Kg2 Qe2+ 38. Kh3 Qh5+ 1/2-1/2

[Event "ITA-ch Women 2019"]
[Site "Padova"]
[Date "2019.11.29"]
[Round "2"]
[White "Palma, Maria"]
[Black "Gueci, Tea"]
[Result "0-1"]
[ECO "A13"]
[WhiteElo "1957"]
[BlackElo "2268"]
[Annotator "ChessBase"]
[PlyCount "108"]
[EventDate "2019.11.28"]
[EventType "tourn"]
[EventCountry "ITA"]
[SourceTitle "playchess.com"]
[Source "ChessBase"]
[SourceQuality "1"]
[TimeControl "40/6600+30:20/3000+30:900+30"]

1. c4 e6 2. Nf3 d5 3. g3 Nf6 4. Bg2 d4 5. O-O Nc6 6. d3 Be7 7. e3 e5 8. exd4 exd4 9. Na3 O-O 10. Nc2 a5 11. b3 h6 12. a3 Ra6 13. Rb1 Rb6 14. Qd2 Bg4 15. b4 axb4 16. axb4 Qd7 17. b5 Bxf3 18. Bxf3 Ne5 19. Bg2 Bc5 20. Ba3 Bxa3 21. Nxa3 Qd6 22. Nc2 Ra8 23. Ra1 Rxa1 24. Rxa1 c6 25. bxc6 bxc6 26. Ne1 Nfd7 27. Nf3 Nxf3+ 28. Bxf3 Nc5 29. Qe2 Qe6 30. Qxe6 fxe6 31. Ra3 Kf7 32. Kg2 Kf6 33. h4 Ke5 34. Be2 Kd6 35. Kf3 Rb2 36. h5 Nd7 37. Bf1 Ne5+ 38. Kg2 Ng4 39. Kh3 Nxf2+ 40. Kh4 Nd1 41. g4 Ne3 42. Bh3 Rb7 43. Kg3 Rf7 44. Ra8 Re7 45. Rd8+ Kc5 46. Kf4 e5+ 47. Ke4 Rf7 48. g5 hxg5 49. Be6 Re7 50. Kxe5 Ng4+ 51. Kf5 Nh6+ 52. Kxg5 Rxe6 53. Rd7 Re5+ 54. Kg6 Nf5 0-1

[Event "ITA-ch Women 2019"]
[Site "Padova"]
[Date "2019.11.29"]
[Round "2"]
[White "Andolfatto, Maria"]
[Black "Sedina, Elena"]
[Result "0-1"]
[ECO "A20"]
[WhiteElo "1937"]
[BlackElo "2304"]
[Annotator "ChessBase"]
[PlyCount "56"]
[EventDate "2019.11.28"]
[EventType "tourn"]
[EventCountry "ITA"]
[SourceTitle "playchess.com"]
[Source "ChessBase"]
[SourceQuality "1"]
[TimeControl "40/6600+30:20/3000+30:900+30"]

1. c4 e5 2. g3 c6 3. Bg2 d5 4. cxd5 cxd5 5. d4 e4 6. Nc3 Nf6 7. Bg5 Bb4 8. Rc1 Nbd7 9. Nh3 O-O 10. O-O h6 11. Nxd5 hxg5 12. Nxb4 g4 13. Nf4 Nb6 14. e3 a5 15. Nc2 Nc4 16. Rb1 Bf5 17. Na3 Nd6 18. Qd2 Nh7 19. Rbc1 Ng5 20. Nc4 Ne8 21. Kh1 Ra6 22. d5 Nf3 23. Qc3 Rh6 24. Bxf3 gxf3 25. Qe5 Qg5 26. Nd2 Nf6 27. Kg1 Rxh2 28. Kxh2 Ng4+ 0-1

[Event "ITA-ch Women 2019"]
[Site "Padova"]
[Date "2019.11.30"]
[Round "3"]
[White "Gueci, Tea"]
[Black "De Rosa, Mariagrazia"]
[Result "0-1"]
[ECO "B84"]
[WhiteElo "2268"]
[BlackElo "2090"]
[Annotator "NA"]
[PlyCount "52"]
[EventDate "2019.11.28"]
[EventType "tourn"]
[EventCountry "ITA"]
[SourceTitle "playchess.com"]
[Source "ChessBase"]
[SourceQuality "1"]
[TimeControl "40/6600+30:20/3000+30:900+30"]

1. e4 c5 2. Nf3 d6 3. d4 cxd4 4. Nxd4 Nf6 5. Nc3 a6 6. Be2 e6 7. O-O Be7 8. Be3 Qc7 9. f4 b5 10. a3 Bb7 11. Bd3 Nbd7 12. Qf3 Nc5 13. Rae1 O-O 14. Qh3 g6 15. Bf2 e5 16. Nf3 exf4 17. Qh6 Ne6 18. Nd4 Ng4 19. Nxe6 fxe6 20. Qh3 Nxf2 21. Qxe6+ Kg7 22. Rxf2 Bh4 23. g3 fxg3 24. hxg3 Bxg3 25. Rxf8 Rxf8 26. Rf1 Qc5+ 0-1

[Event "ITA-ch Women 2019"]
[Site "Padova"]
[Date "2019.12.01"]
[Round "4"]
[White "Santeramo, Alessia"]
[Black "Zimina, Olga"]
[Result "1/2-1/2"]
[ECO "B15"]
[WhiteElo "2138"]
[BlackElo "2406"]
[Annotator "ChessBase"]
[PlyCount "126"]
[EventDate "2019.11.28"]
[EventType "tourn"]
[EventCountry "ITA"]
[SourceTitle "playchess.com"]
[Source "ChessBase"]
[SourceQuality "1"]
[TimeControl "40/6600+30:20/3000+30:900+30"]

1. e4 c6 2. d4 d5 3. Nc3 dxe4 4. Nxe4 Nf6 5. Nxf6+ exf6 6. c3 Bd6 7. Bd3 O-O 8. Qc2 Re8+ 9. Ne2 h5 10. Be3 Be6 11. O-O Qc7 12. h3 Nd7 13. c4 Nf8 14. Nc3 Bf4 15. Rae1 Rad8 16. Ne4 Bc8 17. c5 Ne6 18. Bc4 Re7 19. Qc3 b5 20. Bxe6 Bxe6 21. Bxf4 Qxf4 22. Nd6 Red7 23. Qe3 Qxe3 24. Rxe3 a5 25. b3 g6 26. a3 Kg7 27. f4 h4 28. g4 hxg3 29. Rxg3 f5 30. Kf2 Rh8 31. Rd3 a4 32. d5 Bxd5 33. bxa4 bxa4 34. Rg1 Kf6 35. Re1 Re7 36. Rde3 Rxe3 37. Rxe3 Be6 38. Rd3 Rb8 39. Rd4 Rb2+ 40. Ke1 Bb3 41. Nc4 Ra2 42. Rd6+ Kg7 43. Ne3 Rxa3 44. Rxc6 Ra1+ 45. Kd2 Rh1 46. Ra6 Rxh3 47. c6 Rh8 48. Kc3 Rh1 49. Kd2 Rh8 50. Kc3 Be6 51. Nc4 Rh3+ 52. Kb4 Rb3+ 53. Kc5 Rc3 54. Rxa4 Kf6 55. c7 Ke7 56. Kb6 Rb3+ 57. Kc5 Kd7 58. Ne5+ Kxc7 59. Ra7+ Rb7 60. Rxb7+ Kxb7 61. Kd6 Kb6 62. Nxg6 fxg6 63. Kxe6 g5 1/2-1/2

[Event "ITA-ch Women 2019"]
[Site "Padova"]
[Date "2019.12.01"]
[Round "4"]
[White "Raccanello, Marianna"]
[Black "Gueci, Tea"]
[Result "0-1"]
[ECO "C11"]
[WhiteElo "2049"]
[BlackElo "2268"]
[Annotator "NA"]
[PlyCount "94"]
[EventDate "2019.11.28"]
[EventType "tourn"]
[EventCountry "ITA"]
[SourceTitle "playchess.com"]
[Source "ChessBase"]
[SourceQuality "1"]
[TimeControl "40/6600+30:20/3000+30:900+30"]

1. e4 e6 2. d4 d5 3. Nc3 Nf6 4. Bg5 dxe4 5. Nxe4 Be7 6. Bxf6 gxf6 7. Nf3 f5 8. Ng3 h5 {C13: French: Classical System: 4 Bg5 Be7, Alekhine-Chatard Attack} 9. h4 c5 10. dxc5 (10. Bb5+ Kf8 11. c3 cxd4 12. Qxd4 Qxd4 13. Nxd4 f4 14. Nge2 e5 15. Nf3 f6 16. Bc4 {0-1 (54) Kosteniuk,A (2550)-Sutovsky,E (2647) Caleta 2016}) 10... Bxc5 $146 ({Predecessor:} 10... Nd7 11. Qd4 Bf6 12. Qb4 a5 13. Qa3 a4 14. O-O-O Qa5 15. Nxf5 exf5 16. Rd5 {0-1 (41) Kokol,P (2346)-Sebenik,M (2482) Otocec 2009}) 11. Qxd8+ Kxd8 12. Bd3 Nc6 13. Rd1 Ke7 14. c3 a6 15. O-O Kf6 16. Rfe1 Ra7 17. Ne2 b5 18. Nf4 Rc7 19. Bb1 Bb7 20. a3 Ne7 21. Ba2 Bxf3 22. gxf3 Ng6 23. Nxg6 Kxg6 24. Kg2 $17 Rb8 25. Re2 Be7 26. Kg3 a5 27. Red2 Rbb7 28. Rc1 Bf6 29. Bb1 Rc4 30. f4 e5 31. fxe5 Rg4+ 32. Kf3 Bxe5 33. Rd5 f6 34. Rh1 b4 35. Rxa5 bxc3 36. b4 Rd7 37. Rc5 Rd2 38. b5 Rf4+ 39. Ke3 Rfxf2 40. Rg1+ Kh6 41. Rc4 c2 42. Ba2 c1=Q 43. Rgxc1 Rde2+ 44. Kd3 Rxa2 45. Rb4 Rxa3+ 46. Kc4 Rf4+ 47. Kc5 Bd6+ 0-1

[Event "ITA-ch Women 2019"]
[Site "Padova"]
[Date "2019.12.01"]
[Round "4"]
[White "Andolfatto, Maria"]
[Black "Palma, Maria"]
[Result "0-1"]
[ECO "A13"]
[WhiteElo "1937"]
[BlackElo "1957"]
[Annotator "NA"]
[PlyCount "86"]
[EventDate "2019.11.28"]
[EventType "tourn"]
[EventCountry "ITA"]
[SourceTitle "playchess.com"]
[Source "ChessBase"]
[SourceQuality "1"]
[TimeControl "40/6600+30:20/3000+30:900+30"]

1. Nf3 d5 2. c4 e6 3. g3 Nf6 4. Bg2 d4 5. O-O c5 6. e3 Nc6 7. exd4 cxd4 8. d3 Bd6 9. Bg5 h6 10. Bxf6 Qxf6 11. Nbd2 Qd8 12. a3 a5 13. Re1 O-O 14. Rc1 Re8 15. c5 Bc7 16. Nc4 e5 17. Nfd2 f5 18. Nb6 Bxb6 19. Qb3+ Be6 20. Qxb6 Bd5 21. Qxd8 Raxd8 22. Bxd5+ Rxd5 23. Rc4 Rd7 24. b4 axb4 25. axb4 Na7 26. f4 Nb5 27. Rxe5 Ra8 28. c6 bxc6 29. Rxc6 Ra1+ 30. Kf2 Ra2 31. Rc8+ Kh7 32. Rxb5 Rxd2+ 33. Ke1 Rxd3 34. Rxf5 Rb3 35. b5 d3 36. Kd2 Rb2+ 37. Kc1 d2+ 38. Kxb2 d1=Q 39. Rfc5 Qd2+ 40. Kb3 Qa5 41. b6 Qxb6+ 42. Kc3 Qb1 43. Kc4 Qd3+ 0-1

[Event "ITA-ch Women 2019"]
[Site "Padova"]
[Date "2019.12.03"]
[Round "5"]
[White "Zimina, Olga"]
[Black "Andolfatto, Maria"]
[Result "1-0"]
[ECO "A06"]
[WhiteElo "2406"]
[BlackElo "1937"]
[Annotator "ChessBase"]
[PlyCount "81"]
[EventDate "2019.11.28"]
[EventType "tourn"]
[EventCountry "ITA"]
[SourceTitle "playchess.com"]
[Source "ChessBase"]
[SourceQuality "1"]
[TimeControl "40/6600+30:20/3000+30:900+30"]

1. Nf3 d5 2. g3 Nf6 3. Bg2 c5 4. O-O Nc6 5. d3 g6 6. Nbd2 Bg7 7. e4 O-O 8. c3 Qc7 9. Re1 dxe4 10. dxe4 Rd8 11. Qc2 b6 12. Nc4 Ng4 13. e5 Bf5 14. Qb3 Rab8 15. e6 f6 16. a4 a6 17. Bf4 Nge5 18. Ne3 Bd3 19. Rad1 Na5 20. Qa2 c4 21. Ng4 Nac6 22. b4 Nxf3+ 23. Bxf3 Ne5 24. Bg2 Bf5 25. Ne3 Bxe6 26. Nd5 Rxd5 27. Bxd5 Bxd5 28. Bxe5 fxe5 29. Rxd5 b5 30. axb5 axb5 31. Qd2 Bf6 32. Rd1 Kg7 33. Rc5 Qb7 34. Qd5 e4 35. Qe6 Ra8 36. Rd7 Ra1+ 37. Kg2 Qa8 38. Rxe7+ Bxe7 39. Qxe7+ Kh8 40. Rc7 e3+ 41. Kh3 1-0

[Event "ITA-ch Women 2019"]
[Site "Padova"]
[Date "2019.12.03"]
[Round "5"]
[White "Sedina, Elena"]
[Black "Raccanello, Marianna"]
[Result "1-0"]
[ECO "B40"]
[WhiteElo "2304"]
[BlackElo "2049"]
[Annotator "ChessBase"]
[PlyCount "87"]
[EventDate "2019.11.28"]
[EventType "tourn"]
[EventCountry "ITA"]
[SourceTitle "playchess.com"]
[Source "ChessBase"]
[SourceQuality "1"]
[TimeControl "40/6600+30:20/3000+30:900+30"]

1. e4 c5 2. Nf3 e6 3. c3 d5 4. exd5 exd5 5. d4 a6 6. Bd3 c4 7. Bc2 Bd6 8. Ne5 Ne7 9. Qh5 Bxe5 10. dxe5 Nbc6 11. O-O Qc7 12. Re1 Be6 13. Nd2 O-O-O 14. Nf3 Ng6 15. Nd4 Ncxe5 16. f4 Bg4 17. Bf5+ Bxf5 18. Qxf5+ Nd7 19. Qxf7 Nc5 20. Qxc7+ Kxc7 21. f5 Nf8 22. Bg5 Rc8 23. Re7+ Kb6 24. Rxg7 Nd3 25. Be3 Re8 26. Nc2+ Kc6 27. Bd4 Nd7 28. Rf1 h5 29. Rg6+ Kc7 30. Bxh8 Rxh8 31. f6 N7e5 32. Rg7+ Kb6 33. f7 Rf8 34. Nd4 Nc5 35. Rf5 Ned7 36. Rxd5 Kc7 37. Rxh5 Kd6 38. Rh6+ Ke5 39. Nf3+ Kf5 40. g4+ Kf4 41. Ng5 Rd8 42. Rd6 Ke5 43. f8=Q Rxf8 44. Rdxd7 1-0

[Event "ITA-ch Women 2019"]
[Site "Padova"]
[Date "2019.12.03"]
[Round "5"]
[White "Gueci, Tea"]
[Black "Santeramo, Alessia"]
[Result "1/2-1/2"]
[ECO "C24"]
[WhiteElo "2268"]
[BlackElo "2138"]
[Annotator "ChessBase"]
[PlyCount "49"]
[EventDate "2019.11.28"]
[EventType "tourn"]
[EventCountry "ITA"]
[SourceTitle "playchess.com"]
[Source "ChessBase"]
[SourceQuality "1"]
[TimeControl "40/6600+30:20/3000+30:900+30"]

1. e4 e5 2. Bc4 Nf6 3. d3 Nc6 4. Nc3 Na5 5. Nf3 Nxc4 6. dxc4 d6 7. h3 Be6 8. Qd3 Be7 9. Be3 Nd7 10. Nd5 Nb6 11. O-O O-O 12. b3 f5 13. Nxe7+ Qxe7 14. exf5 Rxf5 15. Nd2 Raf8 16. Ne4 Qh4 17. Ng3 R5f6 18. Qe4 Qxe4 19. Nxe4 Rg6 20. Ng3 Nc8 21. Kh2 Ne7 22. Rad1 a5 23. Rfe1 Nf5 24. Nxf5 Bxf5 25. Rd2 1/2-1/2

[Event "ITA-ch Women 2019"]
[Site "Padova"]
[Date "2019.12.03"]
[Round "5"]
[White "Palma, Maria"]
[Black "De Rosa, Mariagrazia"]
[Result "0-1"]
[ECO "A20"]
[WhiteElo "1957"]
[BlackElo "2090"]
[Annotator "NA"]
[PlyCount "70"]
[EventDate "2019.11.28"]
[EventType "tourn"]
[EventCountry "ITA"]
[SourceTitle "playchess.com"]
[Source "ChessBase"]
[SourceQuality "1"]
[TimeControl "40/6600+30:20/3000+30:900+30"]

1. c4 e5 2. g3 Nf6 3. Bg2 d5 4. cxd5 Nxd5 5. Nf3 Nc6 6. O-O Nb6 7. b3 Bd6 8. Bb2 O-O 9. Qc1 f5 10. Rd1 (10. d4 $11) 10... Qe7 11. Nc3 a6 12. d4 $11 e4 13. Ne1 Nb4 14. Nc2 N4d5 15. Nxd5 Nxd5 16. Ne3 Nxe3 17. Qxe3 Bd7 18. f3 Rae8 19. fxe4 f4 20. Qc3 fxg3 21. hxg3 Qg5 22. e5 Bb4 23. Qd3 Bb5 24. Bd5+ Kh8 25. Bc4 Bd7 26. Rf1 Bf5 27. Bc1 Qg6 28. Qe3 Bh3 29. Rxf8+ Rxf8 30. Bb2 Qc6 31. d5 Qg6 32. Bd3 Qg4 33. Bd4 Bd2 34. Qf2 Rxf2 35. Bxf2 Be3 0-1

[Event "ITA-ch Women 2019"]
[Site "Padova"]
[Date "2019.12.04"]
[Round "6"]
[White "Zimina, Olga"]
[Black "Gueci, Tea"]
[Result "1/2-1/2"]
[ECO "A05"]
[WhiteElo "2406"]
[BlackElo "2268"]
[Annotator "NA"]
[PlyCount "138"]
[EventDate "2019.11.28"]
[EventType "tourn"]
[EventCountry "ITA"]
[SourceTitle "playchess.com"]
[Source "ChessBase"]
[SourceQuality "1"]
[TimeControl "40/6600+30:20/3000+30:900+30"]

1. Nf3 Nf6 2. b3 c5 3. Bb2 Nc6 4. e3 d5 5. Bb5 Bg4 6. h3 Bxf3 7. Bxc6+ bxc6 8. Qxf3 Qd6 9. Qf4 Qxf4 10. exf4 e6 11. d3 $11 a5 12. Nc3 Bd6 13. g3 Ke7 14. Na4 Rhb8 15. O-O-O g6 16. Ba3 Nd7 17. Kd2 Rb5 18. Ke2 d4 19. c4 Rbb8 20. Kf3 h5 21. Rde1 Rh8 22. Re4 f5 23. Re2 Kf6 24. Rhe1 Rae8 25. Kg2 Re7 26. Bc1 Rhe8 27. Bd2 Bc7 28. h4 Ra8 29. Bc1 Bd6 30. Re5 Ree8 31. Kf1 Kf7 32. R5e2 Rab8 33. Ba3 Kf6 34. Rd1 Kf7 35. Ke1 Kf6 36. Kd2 Kf7 37. Rde1 e5 38. fxe5 Nxe5 39. Kc2 Nd7 40. Bc1 Rxe2+ 41. Rxe2 Re8 42. Kd1 Re6 43. Rxe6 Kxe6 44. Ke2 Bc7 45. Bd2 Kf7 46. Kf1 Ke6 47. Kg2 Kf7 48. Nb2 Ke6 49. Nd1 Kf7 50. f3 Ke6 51. Nf2 Bd8 52. Bf4 Nb6 53. Nh3 a4 54. Ng5+ Ke7 55. Nh7 axb3 56. axb3 Kf7 57. Ng5+ Ke7 58. g4 Nd7 59. gxh5 gxh5 60. Nh3 Kf7 61. Bg3 Kg6 62. Nf4+ Kh6 63. Ne6 Be7 64. Kh3 Nf8 65. Nf4 Ng6 66. Ne6 Nf8 67. Nf4 Ng6 68. Ng2 Kg7 69. Nf4 Kh6 1/2-1/2

[Event "ITA-ch Women 2019"]
[Site "Padova"]
[Date "2019.12.04"]
[Round "6"]
[White "Santeramo, Alessia"]
[Black "Sedina, Elena"]
[Result "1/2-1/2"]
[ECO "C10"]
[WhiteElo "2138"]
[BlackElo "2304"]
[Annotator "NA"]
[PlyCount "155"]
[EventDate "2019.11.28"]
[EventType "tourn"]
[EventCountry "ITA"]
[SourceTitle "playchess.com"]
[Source "ChessBase"]
[SourceQuality "1"]
[TimeControl "40/6600+30:20/3000+30:900+30"]

1. e4 e6 2. d4 d5 3. Nc3 a6 4. Nf3 Nf6 5. Bg5 Be7 6. e5 Nfd7 7. Qd2 c5 8. Ne2 Bxg5 9. Nxg5 cxd4 $11 10. f4 Nc6 11. Nxd4 Ndxe5 12. O-O-O Ng6 13. Nxc6 bxc6 14. Qc3 O-O 15. Qxc6 Rb8 16. g3 Qf6 17. Qc3 Qxc3 18. bxc3 Bb7 19. Rd4 Rfc8 20. Kd2 h6 21. Nf3 Ne7 22. Be2 Nf5 23. Rb4 a5 24. Rb6 Bc6 25. Rhb1 Rxb6 26. Rxb6 Nd6 27. Ba6 Ne4+ 28. Ke3 Rc7 29. c4 dxc4 30. Bxc4 Nc3 31. Rb8+ Kh7 32. Bd3+ g6 33. a3 Nd5+ 34. Kf2 Ba4 35. c4 Ne7 36. Ra8 Nc6 37. Ke3 Bd1 38. Be4 a4 39. Bxc6 Rxc6 40. Ne5 Rc7 41. Rd8 f6 42. Rd7+ Rxd7 43. Nxd7 Kg7 44. Nc5 Kf7 45. Kd2 Bg4 46. Nxa4 e5 47. fxe5 fxe5 48. Nb6 Ke6 49. a4 Kd6 50. a5 Kc5 51. Kc3 Be6 52. Nd5 Bc8 53. Nf6 Be6 54. Ne4+ Kc6 55. Kb4 Bf5 56. Nd2 Bc8 57. Nf3 Kd6 58. Kb5 e4 59. Nd4 e3 60. Kb6 Ke5 61. Nc2 e2 62. a6 Bf5 63. a7 Be4 64. c5 Ba8 65. Kc7 Kd5 66. Kb6 Ke5 67. Kb5 Kd5 68. Ne1 Bc6+ 69. Kb6 Ba8 70. g4 Ke5 71. h4 Kd5 72. g5 hxg5 73. hxg5 Ke5 74. Nc2 Kd5 75. Nb4+ Kc4 76. Nc2 Kd5 77. Nb4+ Kc4 78. Nc2 1/2-1/2

[Event "ITA-ch Women 2019"]
[Site "Padova"]
[Date "2019.12.04"]
[Round "6"]
[White "Raccanello, Marianna"]
[Black "Palma, Maria"]
[Result "1-0"]
[ECO "D00"]
[WhiteElo "2049"]
[BlackElo "1957"]
[Annotator "NA"]
[PlyCount "83"]
[EventDate "2019.11.28"]
[EventType "tourn"]
[EventCountry "ITA"]
[SourceTitle "playchess.com"]
[Source "ChessBase"]
[SourceQuality "1"]
[TimeControl "40/6600+30:20/3000+30:900+30"]

1. d4 d5 2. Nc3 Nf6 3. Bf4 e6 4. e3 a6 5. g4 Bd6 6. Bxd6 cxd6 7. Qf3 Nc6 8. Nge2 b5 $11 9. g5 Nd7 10. h4 Bb7 11. Bh3 Nb6 12. Ng3 Nc4 13. b3 Qa5 14. Nge2 Nb4 15. O-O Nd2 16. Qf4 Nxf1 17. Rxf1 Qc7 18. h5 Qe7 19. Bg2 h6 20. gxh6 Rxh6 21. Ng3 Rc8 22. Nce2 Nxa2 23. e4 Nc3 24. Nxc3 Rxc3 25. exd5 Rxc2 26. Re1 Rf6 27. Qg4 Kf8 28. dxe6 fxe6 29. Bxb7 Qxb7 30. Ne4 Rf5 31. Qh4 Qe7 32. Qg3 Rc6 33. f4 Rxh5 34. Ng5 d5 35. Qg4 Qb4 36. Nxe6+ Rxe6 37. Qxe6 Qxd4+ 38. Kg2 Rh2+ 39. Kxh2 Qxf4+ 40. Kg2 Qg5+ 41. Kf3 Qh5+ 42. Qg4 1-0

[Event "ITA-ch Women 2019"]
[Site "Padova"]
[Date "2019.12.04"]
[Round "6"]
[White "Andolfatto, Maria"]
[Black "De Rosa, Mariagrazia"]
[Result "1-0"]
[ECO "E62"]
[WhiteElo "1937"]
[BlackElo "2090"]
[Annotator "NA"]
[PlyCount "69"]
[EventDate "2019.11.28"]
[EventType "tourn"]
[EventCountry "ITA"]
[SourceTitle "playchess.com"]
[Source "ChessBase"]
[SourceQuality "1"]
[TimeControl "40/6600+30:20/3000+30:900+30"]

1. Nf3 Nf6 2. c4 g6 3. g3 Bg7 4. Bg2 O-O 5. Nc3 d6 6. d4 c6 7. O-O Bf5 8. Ne1 e5 9. d5 cxd5 10. cxd5 Na6 11. e4 Bd7 12. Nd3 $11 Qc8 13. f3 Nc5 14. Be3 b6 15. b4 Nxd3 16. Qxd3 Qb7 17. Rfc1 b5 18. Bf1 Rab8 19. a4 bxa4 20. b5 Rfc8 21. Rxa4 Ra8 22. Rca1 Qc7 23. Nd1 Be8 24. Rxa7 Rxa7 25. Rxa7 Qd8 26. b6 Rb8 27. Qa6 Nd7 28. b7 Qc7 29. Ra8 Bf6 30. Qc6 Qd8 31. Ba7 Kg7 32. Bxb8 Nxb8 33. Rxb8 Qxb8 34. Qc8 Qa7+ 35. Nf2 1-0

[Event "ITA-ch Women 2019"]
[Site "Padova"]
[Date "2019.12.05"]
[Round "7"]
[White "Sedina, Elena"]
[Black "Zimina, Olga"]
[Result "1/2-1/2"]
[ECO "C50"]
[WhiteElo "2304"]
[BlackElo "2406"]
[Annotator "NA"]
[PlyCount "48"]
[EventDate "2019.11.28"]
[EventType "tourn"]
[EventCountry "ITA"]
[SourceTitle "playchess.com"]
[Source "ChessBase"]
[SourceQuality "1"]
[TimeControl "40/6600+30:20/3000+30:900+30"]

1. e4 e5 2. Nf3 Nc6 3. Bc4 Bc5 4. O-O Nf6 5. d3 O-O 6. Re1 {C50: Hungarian Defence and Giuoco Pianissimo} (6. c3 d6 7. h3 h6 8. Re1 a6 9. a4 a5 10. Nbd2 Be6 11. Bb5 Na7 12. d4 Nxb5 13. dxc5 Na7 14. b3 Re8 15. cxd6 Qxd6 16. Ba3 {1-0 (43) Carlsen,M (2882)-So,W (2776) Saint Louis 2019}) 6... a6 7. h3 h6 8. c3 Re8 9. Nbd2 Bf8 10. Bb3 g6 $146 ({Predecessor:} 10... d6 11. d4 Bd7 12. a3 g6 13. Ba2 Bg7 14. b4 Qc8 15. Bb2 Nh5 16. Nf1 Nf4 17. Bc1 Nxg2 18. Kxg2 Bxh3+ 19. Kg1 exd4 20. cxd4 Bxf1 21. Kxf1 {½-½ (46) Bauer,C (2605)-Aronian,L (2754) Paris 2009}) 11. Nf1 Bg7 12. Ng3 d6 13. d4 Qe7 14. Be3 Qf8 15. Bc2 Bd7 16. Nh2 Rad8 17. f4 Na5 {[#]} 18. b3 $1 c5 19. fxe5 dxe5 20. d5 Bc8 $16 ({Black should try} 20... b6) 21. a4 b6 22. Qe2 Nd7 23. Rf1 Qe7 24. Rab1 Nb8 1/2-1/2

[Event "ITA-ch Women 2019"]
[Site "Padova"]
[Date "2019.12.05"]
[Round "7"]
[White "Gueci, Tea"]
[Black "Andolfatto, Maria"]
[Result "1-0"]
[ECO "C42"]
[WhiteElo "2268"]
[BlackElo "1937"]
[Annotator "NA"]
[PlyCount "77"]
[EventDate "2019.11.28"]
[EventType "tourn"]
[EventCountry "ITA"]
[SourceTitle "playchess.com"]
[Source "ChessBase"]
[SourceQuality "1"]
[TimeControl "40/6600+30:20/3000+30:900+30"]

1. e4 e5 2. Nf3 Nf6 3. Nxe5 d6 4. Nf3 Nxe4 5. Bd3 Nf6 6. O-O Be7 7. h3 O-O 8. c3 c5 $11 9. Bc2 Nc6 10. d4 Be6 11. Re1 h6 12. Nbd2 Re8 13. Nf1 Bd5 14. Be3 Bf8 15. Ng3 b6 16. Ba4 Rc8 17. Bb5 Bxf3 18. Qxf3 d5 19. Nf5 Ne4 20. Ba6 Rc7 21. Bf4 Rd7 22. Bb5 Qc8 23. c4 a6 24. Ba4 b5 25. cxb5 axb5 26. Bxb5 Re6 27. Rac1 Rf6 28. Be5 Rg6 29. Bxc6 Rxc6 30. dxc5 Nxc5 31. Nd4 Rb6 32. Nb3 Rxb3 33. axb3 Qb7 34. Re3 Qb5 35. Qg4 Rb7 36. Rg3 Ne6 37. Rc8 g6 38. Qh4 h5 39. Qf6 1-0